 Dungeon Crawl Stone Soup version 0.26-a0-1060-g086102a3f0 (webtiles) character file.

Game seed: 16582557807439338833

48 sokol815 the Skirmisher (level 3, -1/26 HPs)
             Began as an Octopode Fighter on Dec 13, 2020.
             Slain by a gnoll
             ... wielding a +0 flail
              (13 damage)
             ... on level 1 of the Dungeon.
             The game lasted 00:02:06 (1199 turns).

sokol815 the Skirmisher (Octopode Fighter)          Turns: 1199, Time: 00:02:08

Health: -1/26      AC:  1    Str: 15    XL:     3   Next: 72%
Magic:  3/3        EV: 11    Int: 10    God:
Gold:   137        SH:  8    Dex: 12    Spells: 2/2 levels left

rFire    . . .     SeeInvis .   a - +0 long sword
rCold    . . .     Faith    .   g - +0 kite shield
rNeg     . . .     Spirit   .   (helmet restricted)
rPois    .         Reflect  .   k - amulet of magic regeneration
rElec    .         Harm     .   (no ring)
rCorr    .         Rampage  .   (no ring)
Will     .....                  (no ring)
Stlth    ++........             (no ring)
HPRegen  0.08/turn              (no ring)
MPRegen  0.33/turn              (no ring)
                                (no ring)
                                (no ring)

@: no status effects
A: almost no armour, stealthy swim, amphibious, 8 rings, constrict 8, camouflage
1, gelatinous body 1
a: no special abilities


You were on level 1 of the Dungeon.
You visited 1 branch of the dungeon, and saw 2 of its levels.

You collected 137 gold pieces.

Inventory:

Hand Weapons
 a - a +0 long sword (weapon)
 b - a +0 dagger
 j - a +0 hunting sling
Missiles
 d - 21 bolts
 f - 106 stones (quivered)
Armour
 g - a +0 kite shield (worn)
Jewellery
 k - an amulet of magic regeneration (around mantle)
Scrolls
 l - a scroll of magic mapping {unknown}
 m - a scroll of identify {unknown}
Potions
 c - a potion of might
 e - a potion of curing {unknown}
 h - a potion of mutation {unknown}
 i - 2 potions of invisibility {unknown}


   Skills:
 + Level 3.5 Fighting
 * Level 3.3 Long Blades
 - Level 3.0 Dodging
 - Level 3.0 Shields


You had 2 spell levels left.
You didn't know any spells.
Your spell library was empty.

Dungeon Overview and Level Annotations

Branches:
Dungeon (2/15)

Altars:


Innate Abilities, Weirdness & Mutations

You cannot wear most types of armour.
You are very stealthy in the water. (Stealth+)
You are amphibious.
You can wear up to eight rings at the same time.
You can use your tentacles to constrict eight enemies at once.
Your skin changes colour to match your surroundings (Stealth+).
Your rubbery body absorbs attacks. (AC +1, EV +1)


Message History

The gnoll shouts!
You hit the gnoll. Your grab misses the gnoll.
The gnoll is moderately wounded.
The gnoll hits you with a +0 flail!
You climb upwards.
There is a stone staircase leading down here.
You hit the gnoll but do no damage. Your grab misses the gnoll.
The gnoll is moderately wounded.
The gnoll barely misses you. The gnoll misses you.
Unknown command.
You hit the gnoll but do no damage. You grab the gnoll.
The gnoll is lightly wounded.
You constrict the gnoll. You block the gnoll's attack. x2
You slash the gnoll!
The gnoll is severely wounded.
You constrict the gnoll.
The gnoll hits you with a cursed -2 club.
The gnoll hits you with a +0 flail!
Ouch! That really hurt!
You die...

#.# ####.#.##. #.#### #.#.##.
#....#####...... ####..........##
###### #########..# .....########
#.....# ####.#......# #.###.##
####.#.####.###### #.# #...
#....#.##...)..g@# #.# ####
#.##......#.####g# ##.## ###
#.##.#.####.####.# #...# #.>
.....#.####.##.#.# #...# #.#
#.####......#.#..## #...# #.# #.#
#######.#....#### #...# #.#
#.######## ##..).....# #...# #.#
..##.....# ##.......####...###.#
####.....#####...)...............


You could see 2 gnolls.

Vanquished Creatures
  A gnoll (D:1)
  An ooze (D:1)
  A worm (D:2)
  7 bats (D:1)
  5 goblins
  A hobgoblin (D:1)
  2 jackals (D:2)
  5 kobolds (D:1)
  2 ball pythons (D:1)
  7 rats
32 creatures vanquished.

Notes
Turn   | Place    | Note
-------+----------+-------------------------------------------
     0 | D:1      | sokol815 the Octopode Fighter began the quest for the Orb.
     0 | D:1      | Reached XP level 1. HP: 16/16 MP: 1/1
    79 | D:1      | Reached XP level 2. HP: 12/21 MP: 2/2
   486 | D:1      | Reached XP level 3. HP: 26/26 MP: 3/3
  1199 | D:1      | Slain by a gnoll

Illustrated notes

Levels and vault maps discovered:
D:1:      eino_arrival_cavern_d, layout_loops_cross
D:2:      layout_basic, lemuel_round_altar, serial_co_window_serial,
          co_window_corner_a, co_window_cross_1, co_window_paths_a,
          co_window_corner_a, co_window_paths_a, co_window_paths_c,
          co_window_2corner, co_window_corner_b, glass_columns_a,
          glass_columns_a, glass_columns_a, glass_columns_b

Skill      XL: |  1  2  3 |
---------------+----------+-----
Long Blades    | 3 |  3.3
Fighting       | |  3.5
Dodging        | |  3.0
Shields        | |  3.0

Action                   || total
-------------------------++-------
Melee: Long sword        ||    56
       Tentacles         ||     6
       Constrict         ||    12
 Stab: Sleeping          ||     6
Armor: Skin              ||     7
Dodge: Dodged            ||    24
Block: Kite shield       ||    33
       Rpst.: Long sword ||     9

Table legend: (Time is in decaauts)
 A = Elapsed time spent in this place.
 B = Non-inter-level travel time spent in this place.
 C = Inter-level travel time spent in this place.
 D = Time resting spent in this place.
 E = Time spent auto-exploring this place.
 F = Levels seen in this place.
 G = Mean time per level.
                   A        B        C        D        E       F      G
               +--------+--------+--------+--------+--------+-----+--------+
         Total |   1220 |   1180 |     40 |    125 |    824 |   2 |  610.0 |
       Dungeon |   1220 |   1180 |     40 |    125 |    824 |   2 |  610.0 |
               +--------+--------+--------+--------+--------+-----+--------+

Top non-repeatable levels by time:
     D:1: 1040 daAuts
     D:2: 180 daAuts
